 Dungeon Crawl Stone Soup version 0.22-a0-362-g535178c (webtiles) character file.

120 Kikal the Chiller (level 4, 0/18 HPs)
             Began as a Felid Ice Elementalist on Apr 20, 2018.
             Succumbed to poison (a needle trap)
             ... in an ossuary on Apr 21, 2018.
             The game lasted 00:18:57 (6476 turns).

Kikal the Chiller (Felid Ice Elementalist)          Turns: 6476, Time: 00:18:57

Health: 0/18       AC:  1    Str:  9    XL:     4   Next: 75%
Magic:  1/8        EV: 18    Int: 17    God:
Gold:   161        SH:  0    Dex: 17    Spells: 0/7 levels left
                                        Lives:  0   Deaths: 1

rFire    . . .     SeeInvis +   (weapon unavailable)
rCold    . . .     Gourm    .   (shield unavailable)
rNeg     . . .     Faith    .   (armour unavailable)
rPois    .         Spirit   .   (helmet unavailable)
rElec    .         Reflect  .   (cloak unavailable)
rCorr    .         Harm     .   (gloves unavailable)
MR       .....                  (boots unavailable)
Stlth    +++.......             (no amulet)
HPRegen  0.06/turn              e - ring of wizardry
MPRegen  0.11/turn              (no ring)

@: mighty, lethally poisoned (0 -> -12), quick
A: very small, no armour, no weapons or thrown items, stealth, claws 1, fangs 3,
see invisible, carnivore, speed 1, shaggy fur 1, slow metabolism 1, sharp paws
a: no special abilities


You were in an ossuary.
You were not hungry.

You visited 1 branch of the dungeon, and saw 5 of its levels.
You also visited: Ossuary.

You collected 161 gold pieces.

Inventory:

Jewellery
 e - a ring of wizardry (left paw)
Wands
 n - a wand of random effects (30)
Scrolls
 a - a scroll of noise {unknown}
 d - a scroll of enchant weapon {unknown}
 g - a scroll of identify {unknown}
 j - a scroll of fog {unknown}
 k - 2 scrolls of remove curse {unknown}
 l - a scroll of amnesia {unknown}
 m - a scroll of blinking {unknown}
Potions
 c - 3 potions of might
 f - 2 potions of haste {unknown}
 h - a potion of heal wounds {unknown}
 i - a potion of berserk rage {unknown}
 p - 2 potions of curing {unknown}
Comestibles
 b - 5 rations


   Skills:
 - Level 2.6 Dodging
 - Level 2.6 Stealth
 - Level 2.3 Spellcasting
 + Level 2.8 Conjurations
 + Level 2.0 Summonings
 + Level 4.5 Ice Magic


You couldn't memorise any spells.
You knew the following spells:

 Your Spells              Type           Power        Failure   Level  Hunger
a - Freeze                Ice            ###.         1%          1    #......
b - Throw Frost           Conj/Ice       ##....       2%          2    ###....
c - Summon Ice Beast      Ice/Summ       ##......     19%         4    #####..


Dungeon Overview and Level Annotations

Branches:
Dungeon (5/15)
 Temple: D:4-7

Altars:
Fedhas

Annotations:
D:3 exclusions: orc priest and orc wizard
D:4 exclusion: ogre


Innate Abilities, Weirdness & Mutations

You cannot wear armour.
You are incapable of wielding weapons or throwing items.
Your paws allow you to move quietly. (Stealth)
You have sharp claws.
You have razor-sharp teeth.
You have supernaturally acute eyesight. (SInv)
You are carnivorous and can eat meat at any time.
You cover ground quickly.
You are covered in fur. (AC +1)
You have a slow metabolism.
Your sharp claws are effective at attacking unaware monsters.


Message History

You don't have enough magic to cast that spell.
Really walk into that needle trap?
You avoid triggering a needle trap.
There is a needle trap, spattered with blood here.
A poisoned needle misses the mummy!
There is an open door here.
A poisoned needle hits the mummy, but does no damage!
There is an open door here.
Really walk into that needle trap?
You avoid triggering a needle trap.
There is a needle trap here.
A poisoned needle shoots out and hits you!
You are lethally poisoned!
* * * LOW HITPOINT WARNING * * *
You feel sick.
There is a needle trap here.
You take 1 damage, and have 1/18 hp.
It was a potion of might.
You feel very mighty all of a sudden.
You die...

#...# # ##M## #
#...# # #...# #
#...# # #...# #
#'################
#^^.#...'.^..#...'
#@.^#...#^^^.#...#
#∩^.'...#^.^.'...#
##################


You could see a mummy.

Vanquished Creatures
  An iguana (D:2)
  Robin (D:2)
  5 adders
  2 adder zombies (Ossuary)
  3 dart slugs
  4 leopard geckos
  An orc (D:3)
  2 ball pythons
  3 giant cockroaches
  10 hobgoblins
  A quokka (D:4)
  9 bats
  3 frilled lizards (D:1)
  10 goblins
  2 hobgoblin zombies (Ossuary)
  9 kobolds
  4 kobold zombies (Ossuary)
  An orc zombie (Ossuary)
  7 rats
78 creatures vanquished.

Vanquished Creatures (collateral kills)
  A hound (D:4)
  2 big kobold zombies (Ossuary)
  An adder zombie (Ossuary)
  A gnoll zombie (Ossuary)
  6 hobgoblin zombies (Ossuary)
  7 kobold zombies (Ossuary)
  2 orc zombies (Ossuary)
20 creatures vanquished.

Vanquished Creatures (others)
  An adder zombie (Ossuary)
1 creature vanquished.

Grand Total: 99 creatures vanquished

Notes
Turn   | Place    | Note
-------+----------+-------------------------------------------
     0 | D:1      | Kikal the Felid Ice Elementalist began the quest for the Orb.
     0 | D:1      | Reached XP level 1. HP: 7/7 MP: 4/4
   175 | D:1      | Reached skill level 3 in Ice Magic
   248 | D:1      | Reached XP level 2. HP: 11/11 MP: 1/6
   566 | D:1      | Learned a level 2 spell: Throw Frost
   664 | D:1      | Reached skill level 1 in Conjurations
   859 | D:1      | Reached XP level 3. HP: 14/14 MP: 1/7
  1764 | D:2      | Noticed Robin
  2151 | D:2      | Killed Robin
  2217 | D:2      | Reached skill level 4 in Ice Magic
  2217 | D:2      | Reached XP level 4. HP: 18/18 MP: 2/8
  2275 | D:2      | Learned a level 4 spell: Summon Ice Beast
  2729 | D:3      | Reached skill level 1 in Summonings
  3088 | D:3      | Reached XP level 5. HP: 21/21 MP: 5/9
  3413 | D:3      | Noticed a hungry ghost
  3954 | D:4      | Noticed an ogre
  4266 | D:4      | Noticed an ice beast
  4481 | D:5      | Entered Level 5 of the Dungeon
  4481 | D:5      | Found a blossoming altar of Fedhas.
  4729 | D:5      | Found a sand-covered staircase.
  4734 | Ossuary  | Entered an ossuary
  5964 | Ossuary  | HP: 1/21 [adder zombie (2)]
  5966 | Ossuary  | Slain by an adder zombie
  5967 | Ossuary  | Reached XP level 4. HP: -1/18 MP: 8/8
  6476 | Ossuary  | Succumbed to poison (a needle trap)

Vault maps used:
D:1:      wheals_arrival_linesprint
D:2:      uniq_robin
D:3:      amethyst_overflow_temple_binary, solitary_fountain
D:4:      first_ration
D:5:      gammafunk_wand_slinger, nicolae_ossuary_entry_plus, basic_altar,
          uniq_ijyb
Ossuary:  ossuary_tomb_2

Skill      XL: |  1  2  3  4 |
---------------+-------------+-----
Ice Magic      | 3 4 |  4.5
Conjurations   | 1 2 |  2.8
Summonings     | 2 |  2.0
Dodging        | |  2.6
Stealth        | |  2.6
Spellcasting   | |  2.3

Action                   |  1- 3 |  4- 6 || total
-------------------------+-------+-------++-------
Melee: Unarmed           |    16 |   102 ||   118
       Bite              |     2 |    10 ||    12
 Cast: Freeze            |    54 |    49 ||   103
       Throw Frost       |    13 |     9 ||    22
       Summon Ice Beast  |       |    10 ||    10
  Use: Potion            |       |     1 ||     1
 Stab: Sleeping          |     4 |     2 ||     6
       Distracted        |       |     1 ||     1
  Eat: Chunk             |    11 |    13 ||    24
Armor: Skin              |     4 |     9 ||    13
Dodge: Dodged            |    57 |   117 ||   174

Table legend:
 A = Spawn XP
 B = Non-spawn XP
 C = Spawn XP percentage of total XP
 D = Spawn monster count
 E = Non-spawn monster count
 F = Spawn count percentage of total count
 G = Total turns spent on level
                    A         B        C        D         E        F      G
               +---------+---------+-------+---------+---------+-------+---------
         Total |       0 |     332 |   0.0 |       0 |      99 |   0.0 |  6476
               +---------+---------+-------+---------+---------+-------+---------
           D:1 |       0 |      55 |   0.0 |       0 |      32 |   0.0 |  1444
           D:2 |       0 |      68 |   0.0 |       0 |      13 |   0.0 |  1359
           D:3 |       0 |      87 |   0.0 |       0 |      22 |   0.0 |  1076
           D:4 |       0 |      54 |   0.0 |       0 |       3 |   0.0 |   813
       Ossuary |       0 |      68 |   0.0 |       0 |      29 |   0.0 |  1742
               +---------+---------+-------+---------+---------+-------+---------
